 Dungeon Crawl Stone Soup version 0.30.1-3-gfc49f6343a (webtiles) character file.

Game seed: 17254787383675621183

76744 Peloso the Peltast (level 15, -9/137 HPs)
             Began as a Minotaur Fighter on July 21, 2023.
             Was the Champion of Okawaru.
             Mangled by an azure jelly (54 damage)
             ... on level 5 of the Lair of Beasts.
             The game lasted 00:48:05 (24096 turns).

Peloso the Peltast (Minotaur Fighter)              Turns: 24096, Time: 00:48:06

Health: -9/137     AC: 25    Str: 26    XL:     15   Next: 13%
Magic:  8/16       EV: 10    Int:  8    God:    Okawaru [******]
Gold:   1747       SH: 24    Dex: 12    Spells: 14/14 levels left

rFire   + + .        b - +6 scimitar "Minotaur's Peril" {flame, Int+3}
rCold   x . .        d - +5 Storm Queen's Shield {shock, Fly rElec}
rNeg    . . .        T - +7 chain mail of the Zebra {Slay+2}
rPois   +            y - +2 hat "Quegu" {rF+}
rElec   +            D - +0 cloak {rPois}
rCorr   .            t - +0 pair of gloves
SInv    .            (no boots)
Will    ++...        p - amulet of reflection Stlth
                     g - ring of willpower
HPRegen 0.42/turn    O - ring of fire
MPRegen 0.15/turn

%: reflection
@: flying
A: horns 2, retaliatory headbutt
a: Renounce Religion, Heroism, Finesse, Duel


You were on level 5 of the Lair of Beasts.
You worshipped Okawaru.
Okawaru was exalted by your worship.
You visited 4 branches of the dungeon, and saw 21 of its levels.
You also visited: Volcano.

You collected 2119 gold pieces.
You spent 372 gold pieces at shops.

Inventory:

Hand Weapons
 a - a +2 vampiric long sword
 b - the +6 scimitar "Minotaur's Peril" (weapon) {flame, Int+3}
   (Okawaru gifted it to you on level 5 of the Lair of Beasts)

   Int:       It affects your intelligence (+3).
 c - a +5 falchion
Armour
 d - the +5 Storm Queen's Shield (worn) {shock, Fly rElec}
   (You found it on level 3 of the Lair of Beasts)

   Shock:     When it blocks an attack, it may electrocute the attacker.
   This works even against foes who are a short distance away.
   rElec:     It insulates you from electricity.
   Fly:       It grants you flight.
 r - a +0 crystal plate armour
 t - a +0 pair of gloves (worn)
 y - the +2 hat "Quegu" (worn) {rF+}
   (Okawaru gifted it to you on level 1 of the Lair of Beasts)

   rF:        It protects you from fire.
 D - a +0 cloak of poison resistance (worn)
 P - the +5 steam dragon scales of Space {rCorr}
   (Okawaru gifted it to you on level 3 of the Lair of Beasts)

   rCorr:     It protects you from acid and corrosion.
 S - a +2 plate armour of poison resistance
 T - the +7 chain mail of the Zebra (worn) {Slay+2}
   (You bought it in a shop on level 2 of the Orcish Mines)

   Slay:      It affects your accuracy & damage with ranged weapons and melee
   (+2).
Jewellery
 g - a ring of willpower (left hand)
 i - an amulet of guardian spirit
 p - an amulet of reflection (around neck)
 x - a ring of see invisible
 B - a ring of willpower
 F - a ring of poison resistance
 O - a ring of fire (right hand)
 Q - an amulet of magic regeneration
Wands
 n - a wand of mindburst (23)
 E - a wand of quicksilver (10)
 H - a wand of flame (12)
Scrolls
 e - 4 scrolls of poison
 j - 3 scrolls of magic mapping
 l - 6 scrolls of fear
 m - 12 scrolls of teleportation
 s - 2 scrolls of amnesia
 u - 5 scrolls of fog
 v - 2 scrolls of enchant weapon
 w - a scroll of brand weapon
 A - 2 scrolls of silence
 C - 8 scrolls of identify
 K - 5 scrolls of immolation
 L - 2 scrolls of noise
 M - a scroll of blinking
 R - a scroll of enchant armour
Potions
 f - 6 potions of might
 h - 9 potions of curing
 k - 4 potions of cancellation
 o - 2 potions of invisibility
 q - 4 potions of heal wounds
 z - 5 potions of brilliance
 G - 3 potions of flight
 I - 2 potions of ambrosia
 J - 7 potions of haste
 U - a potion of mutation
Miscellaneous
 N - a phantom mirror


   Skills:
 + Level 13.8 Fighting
 + Level 15.8 Long Blades
 + Level 4.5 Axes
 + Level 14.8 Armour
 + Level 4.0 Dodging
 + Level 1.4 Stealth
 + Level 19.0 Shields
 + Level 3.8 Invocations
 + Level 0.5 Evocations


You had 14 spell levels left.
You didn't know any spells.
Your spell library contained the following spells:

 Spells                   Type           Power      Damage    Failure   Level
 Slow                     Hex            0%         N/A       87%         1
 Sting                    Tmut/Pois      0%         1d3       87%         1
 Blink                    Tloc           0%         N/A       95%         2
 Lesser Beckoning         Tloc           0%         N/A       95%         2
 Momentum Strike          Conj/Tloc      0%         3d8       95%         2
 Poisonous Vapours        Pois/Air       0%         N/A       95%         2
 Confusing Touch          Hex            0%         N/A       99%         3
 Inner Flame              Hex/Fire       0%         N/A       99%         3
 Vampiric Draining        Necr           0%         2d6       99%         3
 Flame Wave               Conj/Fire      0%         2d4       100%        4
 Olgreb's Toxic Radiance  Pois           0%         N/A       100%        4
 Sticky Flame             Conj/Fire      0%         2d3       100%        4
 Fireball                 Conj/Fire      0%         3d3       100%        5
 Iskenderun's Battlesphe  Conj           0%         2d6       100%        5
 Yara's Violent Unravell  Hex/Tmut       0%         3d3       100%        5
 Conjure Ball Lightning   Conj/Air       0%         3x3d6     100%        6
 Enfeeble                 Hex            0%         N/A       100%        7
 Orb of Destruction       Conj           0%         9d5       100%        7
 Discord                  Hex            0%         N/A       100%        8
 Disjunction              Tloc           0%         N/A       100%        8


Dungeon Overview and Level Annotations

Branches:
Dungeon (13/15)            Temple (1/1) D:5            Lair (5/5) D:11
 Shoals (0/4) Lair:3        Snake (0/4) Lair:2        Slime (0/5) Lair:5
    Orc (2/2) D:9             Elf (0/3) Orc:2        Vaults (0/5) D:13
Volcano (visited)

Altars:
Ashenzari
Cheibriados
Dithmenos
Elyvilon
Fedhas
Gozag
Hepliaklqana
Kikubaaqudgha
Nemelex Xobeh
Okawaru
Qazlal
Ru
Sif Muna
Trog
Uskayaw
Vehumet
Wu Jian
Xom
Yredelemnul
Zin
The Shining One

Shops:
D:7 :   Orc:1 :   Orc:2 [[!(

Portals:
Trove: D:12 (give 8 scrolls of blinking)

Annotations:
D:2 1 runed translucent door, Crazy Yiuf
D:6 5 runed translucent doors, opiumtea's ghost, novice BaTm
Temple 2 transporters
Lair:4 2 transporters, 1 runed translucent door, redmage's ghost, journeyman MeEE
Orc:2 3 runed translucent doors, jaiteiro's ghost, journeyman DEFE


Innate Abilities, Weirdness & Mutations

You have a pair of horns on your head.
You reflexively headbutt those who attack you in melee.


Message History

The quicksilver ooze is moderately wounded.
The quicksilver ooze hits you. x2
You feel your power leaking away.
You slice the quicksilver ooze!! You burn the quicksilver ooze!
The quicksilver ooze is almost dead.
The quicksilver ooze hits you. The quicksilver ooze engulfs you!
You block the quicksilver ooze's attack.
You slash the quicksilver ooze! You burn the quicksilver ooze.
You kill the quicksilver ooze!
Okawaru accepts your kill. The ooze engulfing you falls away.
You gasp with relief as air once again reaches your lungs.
You block the jelly's attack.
You slash the jelly! You burn the jelly.
You kill the jelly!
Okawaru accepts your kill. You block the jelly's attack.
You slice the jelly!! You burn the jelly.
You kill the jelly!
Okawaru accepts your kill.
The jelly quivers.
The jelly quivers.
You slash the azure jelly! You burn the azure jelly.
Your headbutt misses the azure jelly.
The azure jelly is lightly wounded.
The azure jelly closely misses you. You block the azure jelly's attack.
Your shield discharges, shocking the azure jelly!
You block the azure jelly's attack.
The azure jelly hits you but does no damage.
You hit the azure jelly. You burn the azure jelly.
Your headbutt misses the azure jelly.
The azure jelly is moderately wounded.
The azure jelly hits you. The azure jelly freezes you!!!
You feel a terrible chill! You block the azure jelly's attack. x3
You block the jelly's attack.
You closely miss the azure jelly. Your headbutt misses the azure jelly.
The azure jelly is moderately wounded.
The azure jelly hits you. The azure jelly freezes you!!!
You feel a terrible chill!
You die...

*,,**,,,,,,*#.................#
**,***,*,,,*##...............##
***,**,*,***#....†<.........P#
* ******** #######..........# *
*,....#..........# *
*,#...#..........# *
*,,.J.#.#..##P.###
*,,#JJ#..####### ***#@##..#
#....## ######


You could see an azure jelly and 2 jellies.

Vanquished Creatures
  Rupert (Lair:5)
  An azure jelly (Lair:5)
  An orc warlord (D:9)
  A quicksilver ooze (Lair:5)
  A great orb of eyes (Lair:5)
  A fire dragon (Volcano)
  5 vault guards (D:13)
  2 catoblepae
  3 hydras
  A boulder beetle (D:12)
  A centaur warrior (D:13)
  3 death yaks (Lair:5)
  7 two-headed ogres
  A hell hog (Volcano)
  Urug (D:13)
  A deep elf knight (D:13)
  Amaemon (D:11)
  A deep elf archer (D:13)
  3 lindwurms (Lair:2)
  2 wizards (D:13)
  Pikel (D:6)
  9 orc knights (Orc:2)
  3 oklob plants (Lair:5)
  3 orc sorcerers
  3 cyclopes
  A manticore (D:13)
  15 elephants
  2 black mambas
  Maurice (D:11)
  A gargoyle (D:9)
  2 molten gargoyles (Volcano)
  9 cane toads
  An orange demon (D:10)
  An unseen horror (D:9)
  A yaktaur (D:13)
  2 rime drakes (Lair:5)
  10 komodo dragons
  4 trolls
  2 hornets
  2 polar bears (Lair:5)
  12 blink frogs
  5 dream sheep (Lair:5)
  15 slime creatures
  2 wraiths
  37 yaks
  4 shadows
  4 basilisks
  5 wyverns
  15 fire bats
  2 vampire mosquitoes (D:10)
  A steam dragon (D:7)
  6 wargs (Orc:2)
  An acid dragon (Lair:5)
  4 nagas (Lair:2)
  21 water moccasins
  2 hell hounds (Volcano)
  35 orc warriors
  2 sky beasts
  A swamp drake (D:9)
  An ice beast (shapeshifter) (D:13)
  5 black bears
  2 ice beasts
  14 ogres
  9 wolves (Lair:2)
  8 centaurs
  2 phantoms
  A lemure (D:6)
  Blork the orc (D:6)
  8 bullfrogs
  2 scorpions
  A gnoll sergeant (D:2)
  12 wights
  12 killer bees
  8 howler monkeys
  2 electric eels
  6 lava snakes (Volcano)
  12 jellies
  13 orc priests
  3 hounds
  Jessica (D:3)
  A gnoll bouda (D:5)
  4 iguanas
  2 sleepcaps
  19 orc wizards
  4 hell rats (Lair:4)
  10 gnolls
  10 adders
  3 shadow imps
  2 white imps
  2 worms
  3 dart slugs
  89 orcs
  8 ball pythons
  6 bats
  6 endoplasms
  6 giant cockroaches
  9 goblins
  5 hobgoblins
  7 kobolds
  7 quokkas
  4 frilled lizards
  A rat (D:3)
616 creatures vanquished.

Vanquished Creatures (others)
  An unseen horror (D:12)
  An orc (Orc:1)
2 creatures vanquished.

Grand Total: 618 creatures vanquished

Notes
Turn   | Place    | Note
-------+----------+-------------------------------------------
     0 | D:1      | Peloso the Minotaur Fighter began the quest for the Orb.
     0 | D:1      | Reached XP level 1. HP: 19/19 MP: 0/0
   155 | D:1      | Reached XP level 2. HP: 25/27 MP: 1/1
   227 | D:1      | Reached skill level 4 in Shields
   619 | D:1      | Reached XP level 3. HP: 33/33 MP: 2/2
  1105 | D:2      | Identified the +0 ring mail "Duew Odgh" {-Cast rC+ Stlth+}
  1178 | D:2      | Found an opulent altar of Gozag.
  1589 | D:2      | Reached XP level 4. HP: 38/40 MP: 3/3
  1683 | D:2      | Found a runed translucent door.
  1684 | D:2      | Noticed Crazy Yiuf
  1753 | D:3      | Reached skill level 5 in Armour
  1826 | D:3      | Noticed Jessica
  1829 | D:3      | Killed Jessica
  1830 | D:3      | Reached XP level 5. HP: 47/47 MP: 4/4
  2387 | D:3      | Found a glowing golden altar of the Shining One.
  2387 | D:3      | Found a sparkling altar of Nemelex Xobeh.
  2529 | D:3      | Reached skill level 1 in Dodging
  2729 | D:4      | Reached skill level 5 in Long Blades
  2729 | D:4      | Reached XP level 6. HP: 55/55 MP: 5/5
  2757 | D:4      | Reached skill level 5 in Fighting
  2953 | D:4      | Reached XP level 7. HP: 25/61 MP: 6/6
  3221 | D:4      | Found an opulent altar of Gozag.
  3226 | D:4      | Found a white marble altar of Elyvilon.
  4473 | D:5      | Entered Level 5 of the Dungeon
  4576 | D:5      | Found a staircase to the Ecumenical Temple.
  4582 | D:5      | Reached skill level 5 in Shields
  4586 | Temple   | Entered the Ecumenical Temple
  4586 | Temple   | Found a transporter.
  4586 | Temple   | Found a transporter.
  4588 | Temple   | Found a transporter.
  4588 | Temple   | Found a transporter.
  4600 | Temple   | Became a worshipper of Warmaster Okawaru
  4630 | D:5      | You fall into a shaft and drop 2 floors!
  4630 | D:7      | Found Toiza's Tiny Tomes.
  4667 | D:7      | Noticed a steam dragon
  4677 | D:7      | Killed a steam dragon
  4811 | D:6      | Noticed opiumtea's ghost (novice BaTm)
  4812 | D:6      | Noticed a two-headed ogre
  4814 | D:6      | Reached XP level 8. HP: 68/70 MP: 7/7
  4868 | D:6      | Found a runed translucent gate.
  4868 | D:6      | Found a runed translucent gate.
  4868 | D:6      | Found a runed translucent gate.
  4893 | D:6      | Noticed Pikel
  4931 | D:6      | Killed Pikel
  4931 | D:6      | Reached * piety under Okawaru
  5089 | D:5      | Reached skill level 6 in Shields
  5137 | D:5      | Reached ** piety under Okawaru
  5639 | D:5      | Reached XP level 9. HP: 78/78 MP: 8/8
  5880 | D:6      | Noticed Blork the orc
  5889 | D:6      | Killed Blork the orc
  5921 | D:6      | Found a runed translucent door.
  5923 | D:6      | Found a runed translucent door.
  6271 | D:6      | Paralysed by a hornet for 2 turns
  6276 | D:6      | Reached skill level 7 in Shields
  6727 | D:7      | Found a glowing silver altar of Zin.
  6729 | D:7      | Found a radiant altar of Vehumet.
  6729 | D:7      | Found an iron altar of Okawaru.
  6731 | D:7      | Found a shadowy altar of Dithmenos.
  6731 | D:7      | Found an iron altar of Okawaru.
  6731 | D:7      | Found a shimmering altar of Xom.
  6823 | D:7      | Found a hazy altar of Hepliaklqana.
  6987 | D:7      | Reached skill level 10 in Long Blades
  8102 | D:8      | Reached skill level 8 in Shields
  8689 | D:9      | Noticed a gargoyle
  8705 | D:9      | Killed a gargoyle
  8706 | D:9      | Reached XP level 10. HP: 76/88 MP: 7/9
  8742 | D:9      | Noticed a two-headed ogre
  8749 | D:9      | Killed a two-headed ogre
  8749 | D:9      | Reached *** piety under Okawaru
  8750 | D:9      | Reached skill level 1 in Invocations
  8798 | D:9      | Reached skill level 10 in Armour
  8967 | D:9      | Found a staircase to the Orcish Mines.
  8982 | D:9      | Reached skill level 9 in Shields
  9035 | D:9      | Reached skill level 1 in Axes
  9315 | D:9      | Reached **** piety under Okawaru
  9706 | D:10     | Entered Level 10 of the Dungeon
  9816 | D:10     | Received a gift from Okawaru
 10169 | D:10     | Reached skill level 10 in Shields
 10658 | D:10     | Reached XP level 11. HP: 90/97 MP: 11/11
 10896 | D:10     | Found a hide-covered altar of Uskayaw.
 11038 | D:11     | Noticed Amaemon
 11193 | D:11     | Killed Amaemon
 11380 | D:11     | Found a staircase to the Lair.
 11525 | D:11     | Noticed a two-headed ogre
 11533 | D:11     | Noticed Maurice
 11536 | D:11     | Killed a two-headed ogre
 11550 | D:11     | Killed Maurice
 11551 | D:11     | Reached skill level 11 in Shields
 12046 | Lair:1   | Entered Level 1 of the Lair of Beasts
 12258 | Lair:1   | Noticed a catoblepas
 12296 | Lair:1   | Killed a catoblepas
 12296 | Lair:1   | Reached ***** piety under Okawaru
 12539 | Lair:1   | Identified the +2 hat "Quegu" {rF+} (Okawaru gifted it to
                  | you on level 1 of the Lair of Beasts)
 12539 | Lair:1   | Received a gift from Okawaru
 12897 | Lair:1   | Reached skill level 10 in Fighting
 13251 | Lair:2   | Reached skill level 12 in Shields
 13481 | Lair:2   | Identified the +7 short sword "Rurilep" {venom, Fly rElec
                  | Will- Str-4}
 13507 | Lair:2   | Reached XP level 12. HP: 107/107 MP: 12/12
 14244 | Lair:2   | Found a staircase to the Snake Pit.
 15019 | Lair:3   | Found the +5 Storm Queen's Shield {shock, Fly rElec}
 15354 | Lair:3   | Reached skill level 13 in Shields
 15747 | Lair:3   | Found a staircase to the Shoals.
 15857 | Lair:3   | Identified the +5 steam dragon scales of Space {rCorr}
                  | (Okawaru gifted it to you on level 3 of the Lair of Beasts)
 15857 | Lair:3   | Received a gift from Okawaru
 16437 | Orc:1    | Entered Level 1 of the Orcish Mines
 16614 | Orc:1    | Noticed an orc warlord
 16682 | D:9      | Killed an orc warlord
 16683 | D:9      | Reached skill level 14 in Shields
 17208 | Orc:1    | Found Tessuh's Book Shop.
 17498 | Orc:2    | Entered Level 2 of the Orcish Mines
 17525 | Orc:2    | Noticed a two-headed ogre
 17640 | Orc:1    | Killed a two-headed ogre
 17641 | Orc:1    | Reached XP level 13. HP: 100/116 MP: 14/14
 17774 | Orc:2    | Paralysed by an orc sorcerer for 4 turns
 17994 | Orc:2    | Found a staircase to the Elven Halls.
 17999 | Orc:2    | Found a runed translucent gate.
 17999 | Orc:2    | Found a runed translucent gate.
 17999 | Orc:2    | Found a runed translucent gate.
 18285 | Orc:2    | Found Jeptox's Antique Armour Shoppe.
 18285 | Orc:2    | Found Fafin's Antique Armour Boutique.
 18301 | Orc:2    | Bought a shimmering chain mail for 304 gold pieces
 18301 | Orc:2    | Identified the +7 chain mail of the Zebra {Slay+2} (You
                  | bought it in a shop on level 2 of the Orcish Mines)
 18512 | Orc:2    | Reached skill level 15 in Shields
 18552 | Orc:2    | Found Sosuareski's Weapon Boutique.
 18609 | Orc:2    | Found Aggyocof's Distillery.
 18661 | Orc:2    | Bought a potion of might for 68 gold pieces
 18794 | Orc:2    | Found an opulent altar of Gozag.
 18794 | Orc:2    | Noticed an orc warlord
 18795 | Orc:2    | Noticed jaiteiro's ghost (journeyman DEFE)
 19513 | D:12     | Received a gift from Okawaru
 19617 | D:12     | Found a portal to a secret trove of treasure.
 19749 | D:12     | Received a gift from Okawaru
 19831 | D:12     | Reached skill level 16 in Shields
 20221 | D:13     | Reached skill level 15 in Long Blades
 20475 | D:13     | Found a sacrificial altar of Ru.
 20520 | D:13     | Received a gift from Okawaru
 20577 | D:13     | Reached XP level 14. HP: 66/127 MP: 15/15
 20819 | D:13     | Found a gate to the Vaults.
 21050 | D:13     | Noticed Urug
 21065 | D:13     | Killed Urug
 21438 | Lair:4   | Found a transporter.
 21454 | Lair:4   | Found a transporter.
 21459 | Lair:4   | Found a bloodstained altar of Trog.
 21466 | Lair:4   | Noticed redmage's ghost (journeyman MeEE)
 21508 | Lair:4   | Reached skill level 17 in Shields
 22115 | Lair:4   | Found a runed translucent door.
 22140 | Lair:4   | Reached skill level 1 in Stealth
 22633 | Lair:5   | Entered Level 5 of the Lair of Beasts
 22633 | Lair:5   | Noticed Rupert
 22650 | Lair:5   | Killed Rupert
 22706 | Lair:5   | Reached skill level 18 in Shields
 22706 | Lair:5   | Found a dark tunnel.
 22715 | Volcano  | Entered a volcano
 22866 | Volcano  | Found a burning altar of Makhleb.
 23467 | Lair:5   | Reached ****** piety under Okawaru
 23495 | Lair:5   | Identified the +6 scimitar "Minotaur's Peril" {flame,
                  | Int+3} (Okawaru gifted it to you on level 5 of the Lair of
                  | Beasts)
 23495 | Lair:5   | Received a gift from Okawaru
 23660 | Lair:5   | Found a staircase to the Slime Pits.
 23663 | Lair:5   | Reached XP level 15. HP: 103/137 MP: 16/16
 24008 | Lair:5   | Noticed an azure jelly
 24022 | Lair:5   | Killed an azure jelly
 24052 | Lair:5   | Paralysed by a great orb of eyes for 5 turns
 24066 | Lair:5   | Noticed an azure jelly
 24081 | Lair:5   | Reached skill level 19 in Shields
 24096 | Lair:5   | Mangled by an azure jelly

Illustrated notes

Levels and vault maps discovered:
D:1:      lightli_arrival_maybe_door_vault, layout_loops_cross, minmay_vboxes
D:2:      layout_loops_ring, basic_altar, chequers_garden, solitary_fountain,
          uniq_crazy_yiuf_cottage
D:3:      layout_basic, nicolae_overflow_two_pavilions, grunt_decor_junction,
          uniq_jessica
D:4:      layout_layer_cave, mainiacjoe_overflow_big_doors,
          nicolae_nh_ransacked_shop
D:5:      layout_basic, minmay_temple_entry_proselytizer
D:6:      lemuel_insect_pit, layout_rooms, gammafunk_ghost_split,
          minmay_chambers_of_fives, uniq_pikel, uniq_blork_the_orc
D:7:      layout_loops_ring, doesnt_xom_only_xom, mainiacjoe_overflow_alcove_4,
          small_statue_alley_b, nicolae_shop_i_like_small_books_too, st_stairs_5
D:8:      layout_layer_cave, hangedman_abyss_or_decor_clamps
D:9:      layout_long_grid, erik_orc_1, hangedman_decor_push
D:10:     layout_basic, eat_drink_and_be_merry_uskayaw, kennysheep_donut,
          grunt_ministairs_11
D:11:     layout_gridville, lair_entry_dummy, uniq_maurice, uniq_amaemon
D:12:     layout_long_grid, enter_trove_2
D:13:     layout_irregular_city, grunt_vaults_entry_fortified,
          nicolae_ru_path_of_blood, uniq_urug
Temple:   hellmonk_temple_divided_pantheon
Lair:1:   layout_roguey, patterned_corridor, grunt_megastairs_5
Lair:2:   layout_regular_city, minmay_snake_entry_guardpost_small,
          nicolae_lair_lindhole
Lair:3:   layout_regular_city, shoals_dummy_entry
Lair:4:   gammafunk_mikee_crab_dinner, layout_regular_city,
          gammafunk_ghost_wrathful_warriors, gammafunk_lair_bear_cave
Lair:5:   guppyfry_lair_end_dragon, layout_gridlike,
          hangedman_lair_tendril_chambers, minmay_slime_entry_oklob_enclosed,
          nicolae_volcano_entry_batcave, special_room [special_room_jelly],
          uniq_rupert
Orc:1:    layout_caves, serial_shops, shop
Orc:2:    st_orc_town, layout_caves, ebering_ghost_gozag

Skill      XL: |  1  2  3  4  5  6  7  8  9 10 11 12 13 14 15 |
---------------+----------------------------------------------+-----
Armour         | 4 5 6 8 9 10 12 13 14 | 14.8
Shields        | 4 5 6 8 10 12 14 16 18 19 | 19.0
Fighting       | 4 5 6 8 9 10 11 12 13 | 13.8
Long Blades    | 3 5 6 7 9 10 11 13 14 15 | 15.8
Dodging        | 1 2 4 |  4.0
Invocations    | 1 2 3 |  3.8
Axes           | 3 4 |  4.5
Stealth        | 1 |  1.4
Evocations     | |  0.5

Action                     |  1- 3 |  4- 6 |  7- 9 | 10-12 | 13-15 || total
---------------------------+-------+-------+-------+-------+-------++-------
  Melee: Long sword        |    86 |   100 |   288 |       |       ||   474
         Headbutt          |    12 |    13 |    72 |   247 |   257 ||   601
         Falchion          |       |       |   141 |   866 |   827 ||  1834
         Hand axe          |       |       |       |    28 |    17 ||    45
         Scimitar          |       |       |       |       |    71 ||    71
 Invoke: Heroism           |       |       |     4 |    15 |    17 ||    36
  Evoke: Wand              |       |       |       |     1 |     4 ||     5
    Use: Potion            |     2 |       |     1 |       |     1 ||     4
         Scroll            |     3 |     6 |       |    14 |     3 ||    26
 Armour: Chain mail        |    54 |    41 |     2 |       |   218 ||   315
         Crystal plate arm |       |       |   280 |   416 |    24 ||   720
  Dodge: Dodged            |    44 |    42 |    88 |   140 |   126 ||   440
  Block: Buckler           |    17 |    46 |   238 |   339 |       ||   640
         Reflection        |     1 |     2 |     8 |    14 |    27 ||    52
         Kite shield       |       |       |       |   260 |   846 ||  1106
